 Dungeon Crawl Stone Soup version 0.27-a0-1188-g73eefd5def (webtiles) character file.

Game seed: 10995165496295109671

243314 tsouns the Scorcher (level 19, -11/167 HPs)
             Began as a Demonspawn Fire Elementalist on May 11, 2021.
             Was the Champion of Dithmenos.
             Mangled by a naga warrior
             ... wielding a +0 glaive
              (43 damage)
             ... on level 4 of the Snake Pit on May 20, 2021.
             The game lasted 02:14:00 (55554 turns).

tsouns the Scorcher (Demonspawn Fire Elementalist) Turns: 55554, Time: 02:14:00

Health: -11/167    AC: 17    Str: 15    XL:     19   Next: 45%
Magic:  33/38      EV: 15    Int: 40    God:    Dithmenos [******]
Gold:   4146       SH:  0    Dex: 14    Spells: 8/49 levels left

rFire    + . .     SeeInvis +   A - +2 quarterstaff "Suqukilopn" {flame, Int+7 Stlth-}
rCold    . . .     Faith    .   (shield currently unavailable)
rNeg     . . .     Spirit   .   T - +2 robe {Archmagi}
rPois    .         Reflect  .   (helmet unavailable)
rElec    .         Harm     .   Q - +2 cloak {Will+}
rCorr    .         Rampage  .   U - +2 pair of gloves {Stlth+}
Will     ++...                  R - +2 pair of boots {Stlth+} Stlth ***+++++++
                                v - amulet of Vitality {Regen+ HP+15}
HPRegen  1.37/turn              M - ring of Temptation {Str+6 Int+3 Stlth+}
MPRegen  0.26/turn              e - +6 ring of intelligence

@: lethally poisoned (-11 -> -12), wreathed by umbra, studying 3 skills
A: antennae 3, molten scales 3, ignite blood 1, powered by death 3
a: Renounce Religion, Shadow Step, Shadow Form


You were on level 4 of the Snake Pit.
You worshipped Dithmenos.
Dithmenos was exalted by your worship.
You visited 5 branches of the dungeon, and saw 30 of its levels.
You visited the Abyss 1 time.
You also visited: Sewer and Bailey.

You collected 5158 gold pieces.
You spent 1012 gold pieces at shops.

Inventory:

Hand Weapons
 A - the +2 quarterstaff "Suqukilopn" (weapon) {flame, Int+7 Stlth-}
   (You bought it in a shop on level 5 of the Dungeon)

   It has been specially enchanted to burn those struck by it, causing extra
   injury to most foes and up to half again as much damage against particularly
   susceptible opponents.
   It affects your intelligence (+7).
   It makes you less stealthy.
Missiles
 i - 8 throwing nets
Armour
 Q - a +2 cloak of willpower (worn)
 R - a +2 pair of boots of stealth (worn)
 T - a +2 robe of the Archmagi (worn)
 U - a +2 pair of gloves of stealth (worn)
Jewellery
 b - a ring of protection from fire
 e - a +6 ring of intelligence (right hand)
 v - the amulet of Vitality (around neck) {Regen+ HP+15}
   (You took it off a deep elf blademaster on level 3 of the Elven Halls)

   [amulet of regeneration]

   It affects your health (+15).
   It increases your rate of health regeneration.
 F - an amulet of magic regeneration
 M - the ring of Temptation (left hand) {Str+6 Int+3 Stlth+}
   (You found it on level 3 of the Elven Halls)

   [ring of strength]

   It affects your strength (+6).
   It affects your intelligence (+3).
   It makes you more stealthy.
 V - a ring of resist corrosion
Wands
 g - a wand of charming (10)
 m - a wand of paralysis (28)
 y - a wand of digging (17)
 z - a wand of iceblast (18)
 I - a wand of mindburst (11)
 J - a wand of polymorph (14)
 X - a wand of acid (13)
Scrolls
 c - a scroll of silence
 h - 6 scrolls of amnesia
 l - 4 scrolls of immolation
 n - 12 scrolls of teleportation
 o - 3 scrolls of enchant armour
 s - 3 scrolls of fog
 x - 5 scrolls of fear
 B - 4 scrolls of blinking
 C - 2 scrolls of brand weapon
 D - 7 scrolls of identify
 H - 4 scrolls of summoning
 L - a scroll of enchant weapon
 P - 2 scrolls of vulnerability
Potions
 d - 2 potions of heal wounds
 f - 16 potions of curing
 k - 5 potions of brilliance
 p - 2 potions of flight
 r - 2 potions of cancellation
 t - 6 potions of haste
 u - 5 potions of attraction
 w - 6 potions of might
 E - 5 potions of mutation
 G - a potion of lignification
 O - 3 potions of invisibility
 S - 3 potions of ambrosia
 W - a potion of resistance
 Z - a potion of berserk rage
Miscellaneous
 a - a piece from Xom's chessboard (15/15)
 j - a condenser vane
 K - a lightning rod (4/4)
 N - a tin of tremorstones (2/2)


   Skills:
 + Level 14.0 Fighting
 - Level 9.0 Staves
 + Level 7.6 Dodging
 + Level 10.7 Stealth
 - Level 15.7 Spellcasting
 - Level 11.2 Conjurations
 + Level 16.9 Fire Magic
 - Level 4.9 Earth Magic
 - Level 14.9 Invocations


You had 8 spell levels left.
You knew the following spells:

 Your Spells              Type           Power      Damage    Failure   Level
a - Foxfire               Conj/Fire      100%       2x1d9     0%          1
b - Conjure Flame         Conj/Fire      100%       6-21      0%          3
c - Sticky Flame          Conj/Fire      100%       2d11      1%          4
d - Fireball              Conj/Fire      60%        3d23      1%          5
e - Inner Flame           Hex/Fire       99%        N/A       1%          3
f - Ignition              Fire           64%        3d17      6%          8
g - Starburst             Conj/Fire      60%        8x6d16    1%          6
h - Iron Shot             Conj/Erth      49%        9d9       5%          6
i - Bolt of Magma         Conj/Fire/Erth 55%        4d22      1%          5

Your spell library contained the following spells:

 Spells                   Type           Power      Damage    Failure   Level
 Animate Skeleton         Necr           94%        N/A       1%          1
 Apportation              Tloc           94%        N/A       1%          1
 Beastly Appendage        Tmut           94%        N/A       1%          1
 Corona                   Hex            52%        N/A       1%          1
 Freeze                   Ice            100%       1d11      1%          1
 Pain                     Necr           100%       1d9       1%          1
 Sandblast                Erth           100%       2d20      1%          1
 Shock                    Conj/Air       100%       1d9       1%          1
 Sting                    Tmut/Pois      100%       1d8       1%          1
 Summon Small Mammal      Summ           100%       N/A       1%          1
 Blink                    Tloc           N/A        N/A       1%          2
 Call Imp                 Summ           47%        N/A       1%          2
 Corpse Rot               Necr/Air       N/A        N/A       1%          2
 Ensorcelled Hibernation  Hex/Ice        94%        N/A       1%          2
 Poisonous Vapours        Pois/Air       94%        N/A       1%          2
 Slow                     Hex            47%        N/A       1%          2
 Static Discharge         Conj/Air       86%        N/A       1%          2
 Sublimation of Blood     Necr           23%        N/A       1%          2
 Wereblood                Tmut           47%        N/A       1%          2
 Dazzling Flash           Conj/Hex       100%       N/A       1%          3
 Ignite Poison            Fire/Tmut/Pois 86%        N/A       1%          3
 Mephitic Cloud           Conj/Pois/Air  75%        N/A       1%          3
 Stone Arrow              Conj/Erth      100%       3d13      1%          3
 Fulminant Prism          Conj/Hex       43%        3d20      1%          4
 Hailstorm                Conj/Ice       86%        3d17      1%          4
 Iskenderun's Mystic Bla  Conj/Tloc      86%        2d17      1%          4
 Iskenderun's Battlesphe  Conj           100%       2d15      1%          5
 Lightning Bolt           Conj/Air       43%        1d62      2%          5
 Call Canine Familiar     Summ           47%        N/A       3%          3
 Confusing Touch          Hex            47%        N/A       3%          3
 Frozen Ramparts          Ice            94%        1d11      3%          3
 Gell's Gravitas          Tloc           23%        N/A       3%          3
 Lesser Beckoning         Tloc           23%        N/A       3%          3
 Ozocubu's Armour         Ice            47%        N/A       3%          3
 Portal Projectile        Hex/Tloc       94%        N/A       3%          3
 Spider Form              Tmut/Pois      23%        N/A       3%          3
 Summon Guardian Golem    Hex/Summ       47%        N/A       3%          3
 Swiftness                Air            47%        N/A       3%          3
 Teleport Other           Tloc           47%        N/A       3%          3
 Tukima's Dance           Hex            47%        N/A       3%          3
 Vampiric Draining        Necr           23%        2d9       3%          3
 Animate Armour           Summ/Erth      100%       N/A       3%          4
 Leda's Liquefaction      Hex/Erth       33%        N/A       3%          4
 Petrify                  Tmut/Erth      67%        N/A       3%          4
 Orb of Destruction       Conj           55%        9d16      9%          7
 Airstrike                Air            23%        N/A       10%         4
 Animate Dead             Necr           23%        N/A       10%         4
 Cause Fear               Hex            23%        N/A       10%         4
 Ice Form                 Ice/Tmut       47%        N/A       10%         4
 Summon Ice Beast         Ice/Summ       47%        N/A       10%         4
 Summon Lightning Spire   Summ/Air       47%        N/A       10%         4
 Borgnjor's Vile Clutch   Necr/Erth      33%        N/A       10%         5
 Conjure Ball Lightning   Conj/Air       43%        3x3d15    16%         6
 Agony                    Necr           47%        N/A       26%         5
 Alistair's Intoxication  Tmut/Pois      31%        N/A       26%         5
 Hydra Form               Tmut           23%        N/A       26%         5
 Manifold Assault         Tloc           47%        N/A       26%         5
 Metabolic Englaciation   Hex/Ice        23%        N/A       26%         5
 Silence                  Hex/Air        23%        N/A       26%         5
 Summon Forest            Summ/Tloc      23%        N/A       26%         5
 Freezing Cloud           Conj/Ice/Air   37%        6-21      32%         6
 Spellforged Servitor     Conj/Summ      43%        N/A       63%         7
 Eringya's Noxious Bog    Tmut/Pois      23%        N/A       83%         6
 Shadow Creatures         Summ           N/A        N/A       83%         6
 Summon Hydra             Summ           23%        N/A       100%        7
 Disjunction              Tloc           23%        N/A       100%        8
 Shatter                  Erth           41%        3d32*     100%        9
 Tornado                  Air            23%        N/A       100%        9


Dungeon Overview and Level Annotations

Branches:
Dungeon (15/15)            Temple (0/1) D:7            Lair (6/6) D:8
 Shoals (0/4) Lair:3        Snake (4/4) Lair:4        Slime (0/5) Lair:5
    Orc (2/2) D:12            Elf (3/3) Orc:2        Vaults (0/5) D:13
 Depths (0/5) D:15          Sewer (visited)          Bailey (visited)

Altars:
Cheibriados
Dithmenos
Elyvilon
Fedhas
Okawaru
Ru
Sif Muna
Vehumet
Wu Jian
Yredelemnul
The Shining One
Beogh

Shops:
D:4 *   D:5 (   D:6 [   D:10 (   Orc:2 [(**   Elf:1 :   Elf:2 **!=[   Elf:3 *(!

Annotations:
D:10 Erolcha


Innate Abilities, Weirdness & Mutations

You have a pair of large antennae on your head. (SInv)
You are completely covered in molten scales. (AC +4, rF+)
Your demonic aura sometimes causes spilled blood to erupt in flames.
You regenerate a lot of health from kills.


Message History

The naga hits you with a +0 short sword of speed!
The naga grabs you. The naga constricts you.
You escape the naga's grasp.
You feel very sick. The naga misses you. The naga barely misses you.
Unknown command.
You feel sick. The naga closely misses you. The naga completely misses you.
You feel sick. The naga warrior spits poison at you.
The splash of poison hits you but does no damage.
You are more poisoned.
The nagaraja hits you with a +0 whip! The nagaraja grabs you.
The nagaraja constricts you.
The nagaraja's grasp on you weakens, but your attempt to escape fails.
You feel very sick. The naga warrior closely misses you.
The naga hits you with a +0 dire flail!!
You emit a cloud of dark smoke.
The nagaraja gestures at you while chanting.
You resist with some effort. The nagaraja constricts you.
You escape the nagaraja's grasp.
You feel sick.
The naga warrior hits you with a +0 glaive!
The naga warrior grabs you. The naga warrior constricts you.
Unknown command.
The naga warrior's grasp on you weakens, but your attempt to escape fails.
You feel sick.
The naga warrior hits you with a +0 glaive!!
* * * LOW HITPOINT WARNING * * *
x2 The naga warrior constricts you.
The naga spits poison at you. The splash of poison misses you.
The nagaraja spits poison at you. The splash of poison misses you.
You hear a shout!
You escape the naga warrior's grasp.
A naga comes into view. It is wielding a +0 battleaxe.
You feel sick.
A naga warrior comes into view. It is wielding a +0 dire flail.
The naga warrior hits you from afar with a +0 glaive!!!
You die...

#.....##.######)....###########.
#..)..........))................
#..#..).....))....).)...).......
#..####.)..)..........).........
#..# #.....)......).)..........
#..## #..###########.....######.
##..###)..# ##.)...###...
##..)#...).# ########.....##...
....)).....#####@....###.....##..
............##NNN§.....##....##..
...........##§§§N.......##.)..#..
...)...##..#{§N§§####N.. ##...##.
).....###..#N§§### { .. ##...#.
....)###..##§§§#{ {{ N #...#.
....## #..#...##{ #...#. ....#
...#...# {{ #...# )..## #...#...#
{ #...#


You could see 2 naga warriors, a nagaraja (strong, catching breath) and 3 nagas.

Vanquished Creatures
  The ghost of Tuipsie the Warrior, an adept GnFi of the Shining One (Snake:1)
  The ghost of bmj180 the Destroyer, an adept DrCj of Vehumet (Snake:2)
  A deep elf blademaster (Elf:3)
  2 deep elf master archers (Elf:3)
  Agnes (Elf:2)
  The ghost of Voveif the Covert, an adept VSFi of Uskayaw (Snake:1)
  Kirke (Elf:1)
  4 deep elf sorcerers (Elf:3)
  7 nagarajas
  2 orc warlords (Orc:1)
  Louise (Snake:1)
  Aizul (Snake:1)
  6 deep elf elementalists (Elf:3)
  Nessos (Lair:6)
  6 deep elf demonologists
  8 deep elf annihilators (Elf:3)
  4 deep elf death magi
  2 fire dragons
  5 deep elf high priests
  Josephine (Lair:6)
  24 naga warriors
  3 boulder beetles
  2 ice dragons
  Harold (Lair:1)
  8 vault guards
  7 anacondas
  14 hydras
  2 catoblepae (D:14)
  11 centaur warriors
  2 death knights (D:14)
  2 salamander tyrants (Snake:4)
  5 tengu warriors
  6 two-headed ogres
  26 dancing weapons
  A thrashing horror (Abyss:3)
  7 death yaks
  11 naga sharpshooters
  6 orc high priests
  7 shock serpents
  12 deep elf knights
  A sixfirhy (Abyss:3)
  3 salamander mystics
  5 deep elf archers
  A harpy (shapeshifter) (D:14)
  2 lindwurms (Lair:6)
  26 deep elf zephyrmancers
  10 naga ritualists
  10 orc knights
  16 mana vipers
  31 deep elf pyromancers
  9 ugly things
  4 manticores
  An orc sorcerer (Orc:2)
  7 cyclopes
  18 salamanders
  A salamander (shapeshifter) (Elf:2)
  5 guardian serpents
  An elephant (D:8)
  44 black mambas
  6 torpor snails
  14 naga magi
  An unseen horror (D:13)
  3 gargoyles
  11 cane toads
  3 efreet
  Psyche (D:8)
  5 rime drakes
  5 kobold demonologists
  7 komodo dragons
  A freezing wraith (D:15)
  A komodo dragon (shapeshifter) (D:14)
  2 ice devils (Lair:6)
  4 tengu conjurers
  7 trolls
  12 polar bears
  2 meliai (D:14)
  Grinder (D:6)
  A wind drake (shapeshifter) (Elf:3)
  4 raiju
  3 tyrant leeches (Lair:6)
  6 hornets (Lair:6)
  24 slime creatures
  19 blink frogs
  4 dream sheep (Lair:6)
  A blink frog (shapeshifter) (Elf:1)
  Sigmund (D:6)
  A centaur simulacrum (D:14)
  4 water elementals (Elf:3)
  2 air elementals
  9 wraiths
  3 vampires
  3 wyverns
  41 yaks
  2 shadows
  Eustachio (D:6)
  2 basilisks
  2 fire elementals
  2 hogs (Elf:1)
  9 vampire mosquitoes
  Menkaure (D:5)
  A steam dragon (D:7)
  Edmund (D:6)
  56 nagas
  8 wargs
  2 acid dragons
  14 hell hounds (Lair:6)
  20 water moccasins
  An ice beast (D:7)
  18 black bears
  A hornet zombie (D:8)
  58 orc warriors
  9 ogres
  22 wolves
  18 centaurs
  4 phantoms
  A kobold brigand (D:7)
  14 bullfrogs
  2 gnoll sergeants
  4 earth elementals
  A scorpion (D:5)
  A wyvern skeleton (D:5)
  2 hornet simulacra
  14 killer bees
  11 wights
  An electric eel (D:7)
  5 howler monkeys
  A starcursed mass (Snake:1)
  6 centaur zombies
  3 hounds
  3 centaur skeletons
  2 jellies (D:7)
  24 orc priests
  5 gnoll shamans
  2 bullfrog skeletons
  An iguana (D:7)
  Terence (D:3)
  11 orc wizards
  7 hell rats (Lair:3)
  2 hound zombies (D:5)
  2 howler monkey zombies
  22 gnolls
  6 adders
  A howler monkey skeleton (D:5)
  4 river rats (Lair:3)
  4 white imps
  3 ufetubi
  2 worms
  A dart slug (D:5)
  90 orcs
  14 endoplasms
  6 giant cockroaches
  14 goblins
  10 hobgoblins
  11 jackals
  3 quokkas
  9 ball pythons
  3 bats
  4 frilled lizards
  25 kobolds
  6 rats
  2 bushes (Lair:6)
1238 creatures vanquished.

Vanquished Creatures (collateral kills)
  5 foxfires
5 creatures vanquished.

Vanquished Creatures (others)
  A deep elf knight (Elf:3)
  A deep elf zephyrmancer (Elf:3)
  A cyclops (D:11)
  An orc (Orc:2)
  408 foxfires
  54 fungi
  99 plants
565 creatures vanquished.

Grand Total: 1808 creatures vanquished

Notes
Turn   | Place    | Note
-------+----------+-------------------------------------------
     0 | D:1      | tsouns the Demonspawn Fire Elementalist began the quest for
                  | the Orb.
     0 | D:1      | Reached XP level 1. HP: 13/13 MP: 3/3
   527 | D:1      | Gained mutation: You have a pair of small antennae on your
                  | head. [demonic ancestry]
   527 | D:1      | Reached XP level 2. HP: 17/19 MP: 0/5
   742 | D:1      | Reached skill level 3 in Fire Magic
  1045 | D:1      | Found a faded altar of an unknown god.
  1055 | D:1      | Became a worshipper of Dithmenos the Shadowed
  1055 | D:1      | Reached * piety under Dithmenos
  1567 | D:2      | Gained mutation: You are partially covered in molten
                  | scales. (AC +2) [demonic ancestry]
  1567 | D:2      | Reached XP level 3. HP: 23/24 MP: 3/6
  2120 | D:2      | Reached ** piety under Dithmenos
  2133 | D:2      | Gained mutation: You are mostly covered in molten scales.
                  | (AC +3) [demonic ancestry]
  2133 | D:2      | Reached XP level 4. HP: 30/30 MP: 0/8
  2137 | D:2      | Learned a level 3 spell: Conjure Flame
  2142 | D:2      | Learned a level 4 spell: Sticky Flame
  2237 | D:2      | Noticed an ogre
  2249 | D:2      | Killed an ogre
  2250 | D:2      | Reached XP level 5. HP: 35/35 MP: 3/9
  3374 | D:3      | Noticed Terence
  3415 | D:3      | Killed Terence
  3416 | D:3      | Reached skill level 4 in Fire Magic
  4018 | D:3      | Found a sacrificial altar of Ru.
  4121 | D:4      | Noticed a phantom
  4130 | D:4      | Killed a phantom
  4131 | D:4      | Reached XP level 6. HP: 41/41 MP: 3/11
  4273 | D:4      | Reached *** piety under Dithmenos
  4673 | D:4      | Found Nawnyrgh's Assorted Antiques.
  4813 | D:4      | Bought a dented cameo amulet for 110 gold pieces
  4813 | D:4      | Bought a blue potion for 19 gold pieces
  4813 | D:4      | Bought a glowing blue potion for 19 gold pieces
  4830 | D:4      | Gained mutation: You regenerate a little health from kills.
                  | [demonic ancestry]
  4830 | D:4      | Reached XP level 7. HP: 46/46 MP: 8/13
  5081 | D:4      | Found a shimmering blue altar of Sif Muna.
  5267 | D:5      | Entered Level 5 of the Dungeon
  5289 | D:5      | Reached skill level 5 in Fire Magic
  5350 | D:5      | Found an ornate altar of the Wu Jian Council.
  5532 | D:5      | Found Cidux's Antique Weapon Emporium.
  5637 | D:5      | Noticed Menkaure
  5647 | D:5      | Killed Menkaure
  5648 | D:5      | Reached skill level 5 in Spellcasting
  5648 | D:5      | Reached skill level 5 in Conjurations
  5771 | D:5      | Reached XP level 8. HP: 44/52 MP: 5/15
  6288 | D:6      | Noticed Grinder
  6288 | D:6      | Noticed Eustachio
  6404 | D:6      | Noticed Sigmund
  6411 | D:6      | Killed Sigmund
  6412 | D:6      | Reached skill level 6 in Fire Magic
  6427 | D:6      | Identified a scroll of acquirement
  6427 | D:6      | Acquired 898 gold pieces
  6449 | D:6      | Reached **** piety under Dithmenos
  6451 | D:6      | Found a glowing drain.
  6475 | D:6      | Learned a level 5 spell: Fireball
  6476 | Sewer    | Entered a sewer
  6760 | D:5      | Bought a bloodstained quarterstaff for 315 gold pieces
  6760 | D:5      | Identified the +2 quarterstaff "Suqukilopn" {flame, Int+7
                  | Stlth-} (You bought it in a shop on level 5 of the Dungeon)
  6761 | D:5      | Upgraded the game from 0.27-a0-1144-g0b7d3b79db to
                  | 0.27-a0-1147-gb3d8e82157
  6793 | D:6      | Reached skill level 1 in Invocations
  6793 | D:6      | Identified the +2 robe of Waohumar {Slay+3}
  6905 | D:6      | Killed Grinder
  6986 | D:6      | Found a shadowy altar of Dithmenos.
  7178 | D:6      | Gained mutation: Your demonic aura sometimes causes spilled
                  | blood to erupt in flames. [demonic ancestry]
  7178 | D:6      | Reached XP level 9. HP: 57/57 MP: 18/18
  7183 | D:6      | Found a blossoming altar of Fedhas.
  7224 | D:6      | Killed Eustachio
  7408 | D:6      | Found an iron altar of Okawaru.
  7432 | D:6      | Noticed Edmund
  7441 | D:6      | Killed Edmund
  7517 | D:6      | Found Muapheor's Armour Shoppe.
  8212 | D:7      | Reached skill level 7 in Fire Magic
  8606 | D:7      | Found a staircase to the Ecumenical Temple.
  9015 | D:7      | Noticed a purple ugly thing
  9025 | D:7      | Reached skill level 5 in Invocations
  9026 | D:7      | Killed a purple ugly thing
  9218 | D:7      | Noticed a two-headed ogre
  9230 | D:7      | Killed a two-headed ogre
  9231 | D:7      | Reached XP level 10. HP: 49/63 MP: 4/21
  9274 | D:7      | Noticed a gargoyle
  9281 | D:7      | Killed a gargoyle
  9282 | D:7      | Reached skill level 8 in Fire Magic
  9599 | D:7      | Noticed a two-headed ogre
  9607 | D:7      | Killed a two-headed ogre
  9749 | D:7      | Noticed a tengu warrior
  9758 | D:7      | Killed a tengu warrior
 10715 | D:8      | Found a radiant altar of Vehumet.
 10739 | D:8      | Noticed an elephant
 10743 | D:8      | Reached XP level 11. HP: 68/68 MP: 4/23
 11074 | D:8      | Reached skill level 1 in Fighting
 11194 | D:8      | Found a staircase to the Lair.
 11311 | D:8      | Reached skill level 1 in Staves
 11325 | D:8      | Reached ***** piety under Dithmenos
 11572 | D:8      | Noticed Psyche
 11575 | D:8      | Killed Psyche
 11768 | Lair:1   | Entered Level 1 of the Lair of Beasts
 11793 | Lair:1   | Reached skill level 9 in Fire Magic
 11964 | Lair:1   | Noticed Harold
 11965 | Lair:1   | Paralysed by Harold for 7 turns
 11973 | Lair:1   | Paralysed by Harold for 2 turns
 11975 | Lair:1   | Killed Harold
 12063 | Lair:1   | Identified the +6 executioner's axe "Leemnenu" {drain,
                  | rPois Will- Int+3 Dex+2}
 13261 | Lair:2   | Noticed a four-headed hydra
 13261 | Lair:2   | Noticed a six-headed hydra
 13274 | Lair:2   | Killed a four-headed hydra
 13420 | Lair:1   | Killed a six-headed hydra
 13552 | Lair:2   | Reached skill level 10 in Conjurations
 14045 | Lair:2   | Reached XP level 12. HP: 24/83 MP: 20/25
 14249 | Lair:2   | Learned a level 3 spell: Inner Flame
 14448 | Lair:3   | Found a staircase to the Shoals.
 14450 | Lair:3   | Noticed a death yak
 14540 | Lair:3   | Noticed a death yak
 14555 | Lair:3   | Killed a death yak
 14577 | Lair:2   | Killed a death yak
 14578 | Lair:2   | Reached skill level 5 in Fighting
 14708 | Lair:3   | Noticed a four-headed hydra
 14711 | Lair:3   | Killed a four-headed hydra
 14712 | Lair:3   | Reached skill level 10 in Spellcasting
 14860 | Lair:3   | Upgraded the game from 0.27-a0-1147-gb3d8e82157 to
                  | 0.27-a0-1181-g5f64966fcc
 14891 | Lair:3   | Reached skill level 5 in Staves
 15118 | Lair:3   | Acquired the +0 hat of Titse {Str+3 Slay+3}
 15205 | Lair:3   | Noticed an eight-headed hydra
 15208 | Lair:3   | Killed an eight-headed hydra
 16170 | Lair:4   | Found a staircase to the Snake Pit.
 16814 | Lair:5   | Noticed an eight-headed hydra
 16817 | Lair:5   | Killed an eight-headed hydra
 17146 | Lair:5   | Found a staircase to the Slime Pits.
 17280 | Lair:5   | Reached XP level 13. HP: 82/96 MP: 23/27
 17639 | Lair:5   | Reached ****** piety under Dithmenos
 17674 | Lair:5   | Upgraded the game from 0.27-a0-1181-g5f64966fcc to
                  | 0.27-a0-1184-ge86db4a01e
 18136 | Lair:6   | Entered Level 6 of the Lair of Beasts
 19014 | Lair:6   | Learned a level 8 spell: Ignition
 19035 | Lair:6   | Noticed Nessos
 19042 | Lair:6   | Killed Nessos
 19544 | Lair:6   | Noticed Josephine
 19635 | Lair:6   | Killed Josephine
 20135 | Lair:6   | Found a runed translucent door.
 20136 | Lair:6   | Noticed a fire dragon
 20159 | Lair:6   | Killed a fire dragon
 20271 | Lair:6   | Reached skill level 10 in Fire Magic
 20440 | Lair:6   | Gained mutation: You regenerate health from kills. [demonic
                  | ancestry]
 20440 | Lair:6   | Reached XP level 14. HP: 108/108 MP: 19/29
 21435 | Lair:6   | Reached skill level 10 in Invocations
 22230 | Lair:6   | Upgraded the game from 0.27-a0-1184-ge86db4a01e to
                  | 0.27-a0-1188-g73eefd5def
 22831 | D:9      | Found a snail-covered altar of Cheibriados.
 23449 | D:10     | Entered Level 10 of the Dungeon
 23461 | D:10     | Found Locvaefofi's Antique Weapon Boutique.
 23485 | D:10     | You fall into a shaft and drop 2 floors!
 23550 | D:10     | Found a flagged portal.
 23563 | Bailey   | Entered a bailey
 23813 | Bailey   | Identified the +1 leather armour of Robley {rPois Int+2
                  | Slay+2 Stlth+}
 24251 | D:10     | Found a basalt altar of Yredelemnul.
 25026 | D:10     | Noticed Erolcha
 26201 | D:11     | Reached skill level 10 in Fighting
 28057 | D:12     | Found a staircase to the Orcish Mines.
 28541 | D:12     | Identified Yptusa Cath's Tome of the Immovable Shrikes
 28659 | Orc:1    | Entered Level 1 of the Orcish Mines
 28927 | Orc:2    | Entered Level 2 of the Orcish Mines
 29285 | Orc:2    | Noticed an orc warlord
 29289 | Orc:2    | Noticed an orc warlord
 29412 | Orc:1    | Learned a level 6 spell: Starburst
 29454 | Orc:1    | Killed an orc warlord
 29576 | Orc:1    | Killed an orc warlord
 29662 | Orc:2    | Gained mutation: You have a pair of antennae on your head.
                  | [demonic ancestry]
 29662 | Orc:2    | Reached XP level 15. HP: 117/117 MP: 4/31
 30020 | Orc:2    | Found a staircase to the Elven Halls.
 30523 | Orc:2    | Reached skill level 11 in Fire Magic
 31949 | Orc:2    | Found Wirghoise's General Store.
 31952 | Orc:2    | Found Quyriwe's Weapon Shop.
 31953 | Orc:2    | Found Sumohuy's Armour Boutique.
 31954 | Orc:2    | Found Woeny's Assorted Antiques.
 31959 | Orc:2    | Bought a scroll labelled QODANIXZUM for 24 gold pieces
 31964 | Orc:2    | Bought a potion of curing for 42 gold pieces
 33085 | D:13     | Found a gate to the Vaults.
 33545 | D:14     | Identified the Volume of the Ashen Birds
 34262 | D:14     | Identified the +8 scimitar "Biorgh" {drain, rN++ Str-3
                  | Int+2}
 34338 | D:14     | Learned a level 6 spell: Iron Shot
 34549 | D:14     | Reached skill level 1 in Earth Magic
 34957 | D:14     | Identified Bulybrim's Papyrus of Stones and Displacement
 35663 | D:14     | Reached XP level 16. HP: 100/127 MP: 13/33
 36731 | D:14     | Identified the amulet "Xostogo" {Faith rElec rF+}
 37149 | D:15     | Entered Level 15 of the Dungeon
 37840 | D:15     | Learned a level 5 spell: Bolt of Magma
 38258 | D:15     | Found a staircase to the Depths.
 38557 | Elf:1    | Entered Level 1 of the Elven Halls
 38628 | Elf:1    | Reached skill level 12 in Fire Magic
 39064 | Elf:1    | Noticed Kirke
 39072 | Elf:1    | Acquired a book of Power
 39224 | Elf:1    | Killed Kirke
 39880 | Elf:1    | Found Epne Asoed's Book Shop.
 40027 | Elf:2    | Found Ocuon's Armour Shoppe.
 40189 | Elf:2    | Found Maetreneme's Distillery.
 40192 | Elf:2    | Found Xugiz's Assorted Antiques.
 40217 | Elf:2    | Bought a potion of heal wounds for 95 gold pieces
 40359 | Elf:2    | Noticed Agnes
 40362 | Elf:2    | Killed Agnes
 40381 | Elf:2    | Found Suleato's Jewellery Shop.
 40471 | Elf:2    | Found Cemo's General Store.
 40493 | Elf:2    | Reached skill level 13 in Fire Magic
 40752 | Elf:2    | Found a huge runed translucent gate.
 40752 | Elf:2    | Found a huge runed translucent gate.
 40753 | Elf:2    | Found a huge runed translucent gate.
 40766 | Elf:2    | Found a huge runed translucent gate.
 40769 | Elf:2    | Found a huge runed translucent gate.
 41004 | Elf:3    | Entered Level 3 of the Elven Halls
 41106 | Elf:3    | Gained mutation: You regenerate a lot of health from kills.
                  | [demonic ancestry]
 41106 | Elf:3    | Reached XP level 17. HP: 122/135 MP: 21/35
 41161 | Elf:3    | Noticed a deep elf master archer
 41300 | Elf:3    | Killed a deep elf master archer
 41721 | Elf:2    | HP: 3/135 [+3 vampiric glaive (25)]
 42691 | Elf:2    | Reached skill level 14 in Fire Magic
 43128 | Elf:3    | Reached skill level 15 in Spellcasting
 43209 | Elf:3    | Noticed a deep elf master archer
 43213 | Elf:3    | Killed a deep elf master archer
 43215 | Elf:3    | Identified the +5 leather armour "Wiujej" {Int+4 Dex+5}
 43215 | Elf:3    | Noticed a deep elf blademaster
 43230 | Elf:3    | Killed a deep elf blademaster
 43678 | Elf:3    | Identified the +1 gold dragon scales "Jodghaar" {rPois rF+
                  | rC+ Stlth+}
 44336 | Elf:3    | Found Nadel's Assorted Antiques.
 44344 | Elf:3    | Bought a scroll of blinking for 180 gold pieces
 44372 | Elf:3    | Found Ladaleg's Antique Weapon Emporium.
 44453 | Elf:3    | Reached skill level 15 in Fire Magic
 44531 | Elf:3    | Gained mutation: You are completely covered in molten
                  | scales. (AC +4, rF+) [demonic ancestry]
 44531 | Elf:3    | Reached XP level 18. HP: 142/142 MP: 6/37
 44551 | Elf:3    | Identified the Almanac of Combat Magic
 44801 | Elf:3    | Found Lucvulue's Distillery.
 44850 | Elf:3    | Bought a potion of heal wounds for 80 gold pieces
 44850 | Elf:3    | Bought a potion of invisibility for 128 gold pieces
 45089 | Elf:3    | Identified the ring of Temptation {Str+6 Int+3 Stlth+}
 45169 | Elf:3    | Identified the +11 hunting sling of the Bespelling Seeker
                  | {flame, Will+}
 45170 | Elf:3    | Identified the Incunabulum of Changing and Envenoming
 45612 | Snake:1  | Entered Level 1 of the Snake Pit
 45772 | Snake:1  | Reached skill level 5 in Stealth
 45851 | Snake:1  | Noticed Louise
 45995 | Snake:1  | Cast into level 3 of the Abyss (Louise)
 46043 | Snake:1  | Escaped the Abyss
 46051 | Snake:1  | HP: 5/157 [Louise/bolt of lightning (22)]
 46198 | Snake:1  | Killed Louise
 46924 | Snake:1  | Identified the Catalogue of Evil Magic and Ignition
 47530 | Snake:1  | Found a runed translucent gate.
 47530 | Snake:1  | Found a runed translucent gate.
 47532 | Snake:1  | Found a runed translucent gate.
 47534 | Snake:1  | Noticed Voveif's ghost (adept VSFi)
 47534 | Snake:1  | Noticed Tuipsie's ghost (adept GnFi)
 47542 | Snake:1  | Killed Voveif's ghost
 47550 | Snake:1  | Killed Tuipsie's ghost
 47775 | Snake:1  | Noticed Aizul
 47779 | Snake:1  | Killed Aizul
 47893 | Snake:1  | Found a shimmering blue altar of Sif Muna.
 48295 | Snake:1  | Reached skill level 5 in Dodging
 49169 | Snake:2  | Found a runed translucent door.
 49170 | Snake:2  | Noticed bmj180's ghost (adept DrCj)
 49186 | Snake:2  | Killed bmj180's ghost
 49192 | Snake:2  | Identified the Handbook of Icy Feathers
 51391 | Snake:3  | Reached skill level 16 in Fire Magic
 52016 | Snake:3  | Identified the Incunabulum of Cloudy Confrontation
 52521 | Snake:3  | Gained mutation: You have a pair of large antennae on your
                  | head. (SInv) [demonic ancestry]
 52521 | Snake:3  | Reached XP level 19. HP: 150/150 MP: 7/38
 52882 | Snake:4  | Entered Level 4 of the Snake Pit
 54230 | Snake:4  | Reached skill level 10 in Stealth
 55554 | Snake:4  | Mangled by a naga warrior

Illustrated notes

Levels and vault maps discovered:
D:1:      minmay_arrival_hallway, layout_basic,
          hellmonk_ecumenical_altar_crossroads
D:2:      layout_basic, basic_altar, minmay_pentomino_s2
D:3:      layout_loops_cross, elyvilon_altar_3, general_overflow_altar,
          kennysheep_generic_room_4, uniq_terence
D:4:      layout_basic, led_sif_pool, serial_shops, shop, supply_closet_lemuel
D:5:      layout_basic, overflow_temple_1_default, serial_shops,
          nicolae_shop_stone, kennysheep_another_room, uniq_menkaure
D:6:      layout_basic, okawaru_trees_2, nicolae_dithmenos_shadow_blocks,
          fedhas_bush_and_centaur_altar, portal_sewer_entry_f, serial_shops,
          kennysheep_mini_moat, serial_bayou_pond_e, uniq_grinder,
          uniq_eustachio, uniq_edmund, uniq_sigmund
D:7:      nzn_winding_woodlands_stair_cross
          [nzn_winding_woodlands_5x15_lazy_stream,
          nzn_winding_woodlands_center_pierced_h,
          nzn_winding_woodlands_5x15_parted, nzn_winding_woodlands_5x5_cross,
          nzn_winding_woodlands_5x5_three, nzn_winding_woodlands_5x15_cabin,
          nzn_winding_woodlands_center_triple_pond,
          nzn_winding_woodlands_5x15_jagged], layout_rooms,
          minmay_temple_entry_arrows, serial_co_window_serial,
          co_window_corner_a, co_window_paths_a, co_window_paths_a,
          co_window_paths_a, co_window_paths_b, co_window_corner_ca,
          co_window_broadway_c, co_window_corner_ca, glass_columns_b,
          glass_columns_a
D:8:      layout_cave_pods, lemuel_round_altar, david_lair_generic, uniq_psyche
D:9:      layout_basic, cheibrodos_worm_habitat
D:10:     layout_loops_ring, tso_oasis_becter, lemuel_crystal_altar,
          serial_shops, nicolae_shop_overgrown_old_shop, enter_bailey_3,
          uniq_erolcha
D:11:     kennysheep_seaside_town, layout_irregular_city,
          lemuel_flamethrower_hall
D:12:     lemuel_ice_spiral_2, layout_basic, david_orc_5,
          kennysheep_generic_room_5
D:13:     layout_cave_pools, erik_vaults_2, minmay_misc_feat_alley,
          hangedman_decor_riveting
D:14:     minmay_spiral_squares, layout_basic, kennysheep_donut, minivault_27
D:15:     grunt_enter_depths_hoard, layout_gridville,
          hangedman_abyss_or_decor_clamps
Lair:1:   layout_roguey, chequers_serial_rivers_large_b, uniq_harold
Lair:2:   layout_cave_pods
Lair:3:   layout_loops_ring, minmay_shoals_entry_centaurs,
          kennysheep_abandoned_house
Lair:4:   layout_regular_city, minmay_snake_entry_guardpost_medium
Lair:5:   layout_regular_city, dpeg_slime_entry_corner, beast_lair_carwin_2,
          grunt_megastairs_3, infiniplex_staircase_pool_2
Lair:6:   hangedman_lair_caniforms_friends, layout_loops_ring, wormcave,
          portal_ice_cave_demonic_guard, uniq_josephine, uniq_nessos
Snake:1:  layout_chambers, basic_altar, gammafunk_ghost_cemetery, uniq_louise,
          uniq_aizul
Snake:2:  layout_grid_maze, ebering_ghost_reflecting_pool
Snake:3:  layout_misc_corridors, grunt_ministairs_6, lemuel_fruit_tree,
          grunt_megastairs_2
Snake:4:  grunt_snake_rune_spirals, layout_onion
Orc:1:    layout_caves
Orc:2:    st_orc_pillars, layout_caves
Elf:1:    minmay_elf_arrival_circle, layout_onion_city, serial_shops, shop,
          kennysheep_underground_church, nicolae_elf_w_pinch, uniq_kirke
Elf:2:    layout_gridlike, serial_shops, shop,
          nicolae_shop_temple_entry_statues_fountains, shop, shop,
          nicolae_shop_statue_plus, uniq_agnes
Elf:3:    minmay_elf_hall_spiked, layout_geoelf_octagon, serial_shops, shop,
          shop, shop, minmay_elf_annihilation

Skill      XL: |  1  2  3  4  5  6  7  8  9 10 11 12 13 14 15 16 17 18 19 |
---------------+----------------------------------------------------------+-----
Fire Magic     | 3 4 5 6 7 8 9 10 11 13 15 16 | 16.9
Conjurations   | 2 3 4 5 6 8 9 10 11 | 11.2
Spellcasting   | 3 4 5 6 7 8 9 10 11 12 13 14 15 | 15.7
Invocations    | 2 6 8 9 10 12 14 | 14.9
Fighting       | 3 7 9 10 12 13 14 | 14.0
Staves         | 3 6 8 9 |  9.0
Stealth        | 3 4 9 10 | 10.7
Dodging        | 3 4 6 7 |  7.6
Earth Magic    | 3 4 |  4.9

Action                   |  1- 3 |  4- 6 |  7- 9 | 10-12 | 13-15 | 16-18 | 19-21 || total
-------------------------+-------+-------+-------+-------+-------+-------+-------++-------
Melee: Unarmed           |    12 |       |       |       |       |       |       ||    12
       Dagger            |    25 |       |       |       |       |       |       ||    25
       Spear             |     6 |     7 |       |       |       |       |       ||    13
       Hand axe          |       |    28 |    50 |       |       |       |       ||    78
       Quarterstaff      |       |       |    49 |   225 |   500 |   169 |    49 ||   992
 Cast: Foxfire           |    69 |    97 |    81 |       |     3 |     3 |       ||   253
       Sticky Flame      |       |     4 |    38 |    61 |   105 |    53 |     8 ||   269
       Fireball          |       |       |     1 |    90 |   409 |   330 |    85 ||   915
       Iron Shot         |       |       |       |       |     5 |    94 |    10 ||   109
       Bolt of Magma     |       |       |       |       |       |    11 |     2 ||    13
       Ignition          |       |       |       |       |       |    13 |     3 ||    16
Evoke: Wand              |       |       |       |       |    12 |     3 |       ||    15
       Condenser vane    |       |       |       |       |       |     2 |       ||     2
  Use: Scroll            |       |     5 |    13 |     8 |    14 |     7 |       ||    47
       Potion            |       |       |       |       |     2 |     6 |       ||     8
 Stab: Sleeping          |     2 |       |     1 |     2 |     1 |     3 |     1 ||    10
       Distracted        |       |       |       |     1 |     1 |       |       ||     2
Armor: Robe              |    16 |    14 |    66 |   120 |   142 |    40 |    32 ||   430
       Leather armour    |       |       |       |       |   130 |    97 |       ||   227
Dodge: Dodged            |    42 |    37 |   122 |   222 |   426 |   198 |    70 ||  1117

Table legend: (Time is in decaauts)
 A = Elapsed time spent in this place.
 B = Non-inter-level travel time spent in this place.
 C = Inter-level travel time spent in this place.
 D = Time resting spent in this place.
 E = Time spent auto-exploring this place.
 F = Levels seen in this place.
 G = Mean time per level.
                   A        B        C        D        E       F      G
               +--------+--------+--------+--------+--------+-----+--------+
         Total |  55704 |  53370 |   2334 |     92 |  45351 |  33 | 1688.0 |
       Dungeon |  23806 |  22488 |   1318 |     92 |  19438 |  15 | 1587.1 |
          Lair |  11430 |  11036 |    394 |      0 |   9506 |   6 | 1905.0 |
     Snake Pit |   9213 |   9155 |     58 |      0 |   7696 |   4 | 2303.2 |
  Orcish Mines |   3586 |   3408 |    178 |      0 |   2682 |   2 | 1793.0 |
   Elven Halls |   6779 |   6395 |    384 |      0 |   5404 |   3 | 2259.7 |
         Abyss |     47 |     47 |      0 |      0 |      0 |   1 |   47.0 |
         Sewer |    203 |    203 |      0 |      0 |    154 |   1 |  203.0 |
        Bailey |    637 |    637 |      0 |      0 |    470 |   1 |  637.0 |
               +--------+--------+--------+--------+--------+-----+--------+

Top non-repeatable levels by time:
    D:14: 3858 daAuts
  Lair:6: 3605 daAuts
   Elf:2: 3124 daAuts
 Snake:1: 2673 daAuts
 Snake:4: 2665 daAuts
    D:12: 2467 daAuts
     D:7: 2464 daAuts
   Orc:2: 2310 daAuts
 Snake:2: 2175 daAuts
   Elf:3: 2153 daAuts
  Lair:4: 1934 daAuts
    D:11: 1855 daAuts
  Lair:5: 1789 daAuts
 Snake:3: 1698 daAuts
   Elf:1: 1501 daAuts
